 Dungeon Crawl Stone Soup version 0.16.0-11-gd45b091 (webtiles) character file.

8568 rjames93 the Nimble (level 11, -3/90 HPs)
             Began as a Black Draconian Conjurer on Mar 17, 2015.
             Killed by divine providence
             ... invoked by an orc priest
              (9 damage)
             ... on level 11 of the Dungeon.
             The game lasted 00:32:06 (11379 turns).

rjames93 the Nimble (Black Draconian Conjurer)     Turns: 11379, Time: 00:32:06

Health: -3/90      AC: 10    Str: 12    XL:     11   Next: 11%
Magic:  23/23      EV: 16    Int: 16    God:
Gold:   69         SH:  0    Dex: 12    Spells: 3 memorised, 12 levels left

rFire  + . .     SeeInvis .     v - +10 long sword "Guerhottui" {distort, +Rage rF+ MR+ Int-4}
rCold  . . .     Clarity  +     (armour unavailable)
rNeg   . . .     SustAb   .     (no shield)
rPois  +         Gourm    .     (helmet restricted)
rElec  +         Spirit   .     (no cloak)
rCorr  .         Warding  .     (no gloves)
rMut   .         Rnd*Tele +     I - +2 pair of boots
MR     +....                    p - amulet of clarity
Stlth  ++........               H - ring of poison resistance (curse)
                                h - +3 ring of intelligence

@: invisible, somewhat resistant to hostile enchantments, unstealthy
A: breathe lightning, unfitting armour, electricity resistance, spit poison 1,
teleportitis 1, cold-blooded, forlorn, AC +7
a: Spit Poison, Breathe Lightning, Evoke Berserk Rage


You were on level 11 of the Dungeon.
You were not hungry.

You visited 1 branch of the dungeon, and saw 11 of its levels.
You also visited: Ossuary.

You collected 69 gold pieces.

Inventory:

Hand weapons
 q - a +0 long sword
 v - the +10 long sword "Guerhottui" (weapon) {distort, +Rage rF+ MR+ Int-4}
   (You found it on level 10 of the Dungeon)

   It warps and distorts space around it.
   Unwielding it can cause banishment or high damage.
   It affects your intelligence (-4).
   It protects you from fire.
   It affects your resistance to hostile enchantments.
   It lets you go berserk.
Armour
 f - the +0 pair of boots of Taashrihe {MR+ Str-2 Dex+5}
   (You found it on level 10 of the Dungeon)

   It affects your strength (-2).
   It affects your dexterity (+5).
   It affects your resistance to hostile enchantments.
 I - a +2 pair of boots (worn)
Jewellery
 h - a +3 ring of intelligence (left hand)
 p - an amulet of clarity (around neck)
 D - an uncursed ring of positive energy
 H - a cursed ring of poison resistance (right hand)
Magical devices
 l - a wand of flame (48)
 u - a wand of polymorph (0)
 G - a wand of frost (13)
Scrolls
 a - a scroll of random uselessness
 d - 5 scrolls of identify
 e - 6 scrolls of remove curse
 g - 2 scrolls of teleportation
 x - a scroll of noise
 y - a scroll of fog
 A - 2 scrolls of holy word
 B - 2 scrolls of blinking
 C - a scroll of magic mapping
Potions
 j - 3 potions of haste
 k - 3 potions of flight
 n - 2 potions of mutation
 o - a potion of magic {unknown}
 r - a potion of lignification {unknown}
 s - a potion of invisibility
 t - 3 potions of poison {unknown}
 w - 3 potions of brilliance
 F - a potion of restore abilities {unknown}
 L - a potion of might {unknown}
Books
 c - a book of Conjurations

   Spells                             Type                      Level
   a - Magic Dart                     Conjuration                  1
   b - Searing Ray                    Conjuration                  2
   c - Dazzling Spray                 Conjuration/Hexes            3
   d - Fulminant Prism                Conjuration/Hexes            4
   e - Iskenderun's Mystic Blast      Conjuration                  4
   f - Iskenderun's Battlesphere      Conjuration/Charms           5
 z - a book of the Sky

   Spells                             Type                      Level
   a - Flight                         Charms/Air                   3
   b - Airstrike                      Air                          4
   c - Silence                        Hexes/Air                    5
   d - Deflect Missiles               Charms/Air                   6
   e - Conjure Ball Lightning         Conjuration/Air              6
   f - Tornado                        Air                          9
 E - a book of Callings

   Spells                             Type                      Level
   a - Summon Small Mammal            Summoning                    1
   b - Call Imp                       Summoning                    2
   c - Call Canine Familiar           Summoning                    3
   d - Summon Guardian Golem          Hexes/Summoning              4
   e - Summon Lightning Spire         Summoning/Air                4
   f - Summon Ice Beast               Ice/Summoning                4
Comestibles
 b - 9 bread rations
 i - 4 fruits
 m - 2 meat rations
 N - 8 slices of pizza


   Skills:
 + Level 6.3 Fighting
 + Level 6.0 Long Blades
 + Level 8.4 Dodging
 + Level 4.2 Stealth
 + Level 0.2 Unarmed Combat
 + Level 5.3 Spellcasting
 + Level 6.6 Conjurations
 * Level 5.1 Hexes
 * Level 7.4 Air Magic
 + Level 0.4 Evocations


You had 12 spell levels left.
You knew the following spells:

 Your Spells              Type           Power        Failure   Level  Hunger
a - Magic Dart            Conj           ####         1%          1    None
b - Dazzling Spray        Conj/Hex       ###.....     4%          3    ###....
c - Airstrike             Air            ####......   10%         4    ####...


Dungeon Overview and Level Annotations

Branches:
Dungeon (11/15)            Temple (0/1) D:5
   Lair: D:8-11         Orc: D:9-12

Altars:
Cheibriados
Dithmenos
Nemelex Xobeh
Okawaru
Ru
Sif Muna
Zin

Shops:
D:4 =   D:8 }

Annotations:
D:9 Maurice


Innate Abilities, Weirdness & Mutations

You can breathe wild blasts of lightning.
Your glossy black scales are hard (AC +7).
Your body does not fit into most forms of armour.
You are resistant to electric shocks.
Your cold-blooded metabolism reacts poorly to cold.
You can spit poison.
Space occasionally distorts in your vicinity.
You have difficulty communicating with the divine.


Message History

The cyan ugly thing shocks you. You resist. The orc wizard misses you.
An orc priest comes into view.
You barely miss the cyan ugly thing.
The orc priest shouts!
You tail-slap the cyan ugly thing, but do no damage.
The cyan ugly thing is almost dead.
The cyan ugly thing barely misses you.
The orc priest calls down the wrath of Beogh upon you.
Something smites you!
* * * LOW HITPOINT WARNING * * *
The orc wizard hits you but does no damage.
The cyan ugly thing barely misses you.
An orc comes into view. It is wielding a flail.
Drink which item? (? for menu, Esc to quit)
You fade into invisibility!
The warg bites you!
* * * LOW HITPOINT WARNING * * *
The orc priest calls down the wrath of Beogh upon you.
Something smites you!
You die...

#..)# #.....
#...# #.......
#...# #........
#...# #.........
#...###..........
#................
#................
#...###.....>..#
#...# #..@†....#
#...#
#.huo.......
#...# #....o.....
#...# #.....5....
#...# #..........
#...# #..##.....
########...# #..#
...# ...........#
#..#


.oo ...........# ..# You could see a cyan ugly thing, a warg, an orc priest, an
orc wizard, a crimson imp and 2 orcs.

Vanquished Creatures
  Erica (D:10)
  An unseen horror (D:10)
  2 hill giants (D:10)
  The ghost of rjames93 the Conjurer, an experienced DrCj (D:7)
  The ghost of Zugr the Covert, an experienced SpEn (D:6)
  A troll (D:9)
  Grinder (D:6)
  Prince Ribbit (D:5)
  A spriggan (D:9)
  A hippogriff (D:10)
  3 ice beasts
  3 phantoms
  A necrophage (D:7)
  3 sky beasts
  2 black bears
  The ghost of Bikalo the Bolt Thrower, an average NaHu (D:4)
  An ogre (D:9)
  5 centaurs
  3 big kobolds
  5 giant frogs
  A gnoll sergeant (D:8)
  2 scorpions
  7 wights
  A water moccasin skeleton (D:5)
  6 killer bees
  A goliath beetle (D:8)
  7 electric eels
  A jelly (D:5)
  A quasit (D:11)
  3 hounds (D:9)
  3 orc priests
  5 crimson imps
  6 orc wizards
  2 centaur skeletons
  2 iguanas
  9 worker ants
  2 killer bee zombies
  Jessica (D:2)
  6 big kobold zombies (Ossuary)
  A hound zombie (D:6)
  5 mummies
  9 adders
  3 gnolls (D:8)
  2 shadow imps
  A giant mite (D:8)
  An adder skeleton (D:6)
  2 giant geckos
  An ooze (D:6)
  16 orcs
  A bat skeleton (D:5)
  2 bat zombies (D:6)
  16 hobgoblins
  3 jackals (D:3)
  26 kobolds
  3 quokkas
  A ball python (D:3)
  7 bats
  8 giant cockroaches
  2 giant gecko skeletons
  A giant gecko zombie (D:8)
  10 giant newts
  3 giant spores
  18 goblins
  A goblin zombie (D:5)
  A hobgoblin zombie (Ossuary)
  2 quokka skeletons
  A quokka zombie (D:5)
  9 rats
  17 ballistomycetes
  A fungus (D:9)
278 creatures vanquished.

Vanquished Creatures (others)
  A killer bee (D:10)
  A kobold (D:10)
  A giant spore (D:9)
  A rat (D:7)
  A fungus (D:9)
5 creatures vanquished.

Grand Total: 283 creatures vanquished

Notes
Turn   | Place    | Note
--------------------------------------------------------------
     0 | D:1      | rjames93, the Draconian Conjurer, began the quest for the Orb.
     0 | D:1      | Reached XP level 1. HP: 14/14 MP: 3/3
   203 | D:1      | Reached XP level 2. HP: 20/20 MP: 0/4
   668 | D:2      | Found a sparkling altar of Nemelex Xobeh.
   673 | D:2      | Reached XP level 3. HP: 26/26 MP: 1/6
   813 | D:2      | Noticed Jessica
   821 | D:2      | Killed Jessica
  1054 | D:2      | Found a glowing silver altar of Zin.
  1059 | D:2      | Found a shadowy altar of Dithmenos.
  1062 | D:2      | Found a sacrificial altar of Ru.
  1066 | D:2      | Reached skill level 5 in Conjurations
  1072 | D:2      | Found a snail-covered altar of Cheibriados.
  1540 | D:3      | Reached XP level 4. HP: 27/33 MP: 8/8
  2209 | D:4      | Noticed a hog
  2209 | D:4      | an orc priest changed into a hog
  2212 | D:4      | Noticed an orc warrior
  2395 | D:4      | Noticed Bikalo's ghost (average NaHu)
  2640 | D:4      | Reached XP level 5. HP: 17/38 MP: 10/10
  3290 | D:4      | Noticed a phantom
  3307 | D:4      | Killed a phantom
  3307 | D:4      | Reached skill level 1 in Fighting
  3307 | D:4      | Reached skill level 1 in Long Blades
  3307 | D:4      | Reached XP level 6. HP: 22/47 MP: 3/12
  3412 | D:4      | Found Stilague's Jewellery Boutique.
  3436 | D:4      | Killed Bikalo's ghost
  3500 | D:5      | Entered Level 5 of the Dungeon
  3542 | D:5      | Your scales start taking on a glossy black colour.
  3542 | D:5      | Gained mutation: You are resistant to electric shocks. [draconian maturity]
  3542 | D:5      | Reached XP level 7. HP: 37/55 MP: 1/14
  3563 | D:5      | Found a staircase to the Ecumenical Temple.
  3821 | D:5      | Noticed Prince Ribbit
  3827 | D:5      | Killed Prince Ribbit
  4034 | D:5      | Learned a level 3 spell: Dazzling Spray
  4039 | D:5      | Learned a level 4 spell: Airstrike
  4216 | D:5      | Found a sand-covered staircase.
  4233 | Ossuary  | Entered an ossuary
  4246 | Ossuary  | Reached XP level 8. HP: 63/63 MP: 3/17
  4349 | Ossuary  | Reached skill level 1 in Air Magic
  4560 | D:6      | Reached skill level 1 in Hexes
  4577 | D:6      | Noticed Zugr's ghost (experienced SpEn)
  4590 | D:6      | Killed Zugr's ghost
  4590 | D:6      | Reached skill level 5 in Dodging
  4590 | D:6      | Reached skill level 6 in Conjurations
  4612 | D:6      | Gained mutation: Space occasionally distorts in your vicinity. [potion of mutation]
  4612 | D:6      | Gained mutation: You can spit poison. [potion of mutation]
  4612 | D:6      | Gained mutation: You have difficulty communicating with the divine. [potion of mutation]
  5307 | D:6      | Noticed Grinder
  5314 | D:6      | Paralysed by Grinder for 3 turns
  5321 | D:6      | Killed Grinder
  5321 | D:6      | Reached XP level 9. HP: 61/71 MP: 20/20
  6343 | D:7      | Noticed rjames93's ghost (experienced DrCj)
  6468 | D:7      | Found an iron altar of Okawaru.
  6705 | D:7      | Killed rjames93's ghost
  7086 | D:8      | Reached skill level 5 in Air Magic
  7413 | D:8      | Reached skill level 5 in Fighting
  7900 | D:8      | Reached skill level 5 in Long Blades
  7900 | D:8      | Reached XP level 10. HP: 81/81 MP: 15/21
  8058 | D:8      | Reached skill level 5 in Spellcasting
  8182 | D:8      | Found Cely's Gadget Shoppe.
  9068 | D:9      | Reached skill level 7 in Dodging
  9414 | D:9      | Found a deep blue altar of Sif Muna.
  9534 | D:9      | Noticed Maurice
 10038 | D:10     | Entered Level 10 of the Dungeon
 10057 | D:10     | Got a pair of pitted boots
 10058 | D:10     | Identified the +0 pair of boots of Taashrihe {MR+ Str-2 Dex+5} (You found it on level 10 of the Dungeon)
 10091 | D:10     | Got a fine long sword
 10092 | D:10     | Identified the +10 long sword "Guerhottui" {distort, +Rage rF+ MR+ Int-4} (You found it on level 10 of the Dungeon)
 10259 | D:10     | Noticed a hill giant
 10298 | D:10     | Killed a hill giant
 10619 | D:10     | Noticed Erica
 10633 | D:10     | Killed Erica
 10633 | D:10     | Reached skill level 8 in Dodging
 10911 | D:10     | Killed an unseen horror
 10911 | D:10     | Reached skill level 5 in Hexes
 11161 | D:10     | Reached XP level 11. HP: 87/89 MP: 23/23
 11287 | D:10     | Noticed a hill giant
 11294 | D:10     | Killed a hill giant
 11379 | D:11     | Killed from afar by an orc priest

Action                   |  1- 3 |  4- 6 |  7- 9 | 10-12 || total
-------------------------+-------+-------+-------+-------++-------
Melee: Unarmed           |    19 |     1 |       |       ||    20
       Long sword        |    10 |    85 |   365 |   308 ||   768
 Cast: Magic Dart        |    57 |    39 |    70 |    34 ||   200
       Dazzling Spray    |       |       |    17 |    17 ||    34
       Airstrike         |       |       |       |     1 ||     1
 Abil: Breathe Lightning |       |       |     5 |     2 ||     7
Evoke: Wand              |       |     2 |       |       ||     2
  Use: Scroll            |     4 |     4 |     9 |     9 ||    26
       Potion            |       |     1 |     5 |     6 ||    12
 Stab: Distracted        |       |     1 |       |     1 ||     2
       Sleeping          |       |       |     6 |     3 ||     9
       Invisible         |       |       |     1 |       ||     1
  Eat: Meat ration       |     1 |       |     2 |     2 ||     5
       Bread ration      |       |     1 |       |       ||     1
       Chunk             |       |       |     5 |     3 ||     8
       Pizza             |       |       |     1 |       ||     1
       Fruit             |       |       |     1 |       ||     1
       Beef jerky        |       |       |     1 |       ||     1
